 Dungeon Crawl Stone Soup version 0.20.1-1-g8b1a95d (webtiles) character file.

11013 dohliylev the Covert (level 11, -2/70 (71) HPs)
             Began as a Vampire Enchanter on July 13, 2017.
             Was a High Priest of Nemelex Xobeh.
             Slain by a seven-headed hydra (7 damage)
             ... on level 1 of the Lair of Beasts.
             The game lasted 01:16:42 (13558 turns).

dohliylev the Covert (Vampire Enchanter)           Turns: 13558, Time: 01:16:44

HP:   -2/70 (71)    AC:  0    Str:  7    XL:     11   Next: 43%
MP:   8/20          EV: 32    Int: 21    God:    Nemelex Xobeh [*****.]
Gold: 289           SH:  0    Dex: 20    Spells: 16/22 levels left

rFire    . . .     SeeInvis +   (weapon currently unavailable)
rCold    . . .     Gourm    .   (shield currently unavailable)
rNeg     + . .     Faith    .   (armour currently unavailable)
rPois    .         Spirit   .   (helmet currently unavailable)
rElec    .         Reflect  .   (cloak currently unavailable)
rCorr    .         Harm     .   (gloves currently unavailable)
MR       +....                  (boots currently unavailable)
Stlth    ++++++++..             (no amulet)
Regen    0.3/turn               (ring currently unavailable)
MPRegen  0.2/turn               (ring currently unavailable)

@: bat-form, flying, very quick
A: fangs 3, see invisible
a: End Transformation, Triple Draw, Deal Four, Stack Five, Renounce Religion


You were on level 1 of the Lair of Beasts.
You worshipped Nemelex Xobeh.
Nemelex Xobeh was extremely pleased with you.
You were not thirsty.
You were in vampire-bat-form.
You visited 3 branches of the dungeon, and saw 11 of its levels.

You collected 629 gold pieces.
You spent 340 gold pieces at shops.

Inventory:

Hand Weapons
 a - a +0 vampiric short sword
 w - a +2 rapier of venom (melded)
 y - a cursed -1 short sword
Armour
 b - a +0 robe
 v - a scarf of repulsion (melded)
 I - a cursed -1 robe (melded)
 P - a +1 helmet (melded)
 T - a +0 shield
Jewellery
 o - a +5 ring of dexterity (melded)
Wands
 F - a wand of acid (2/15)
 N - a wand of polymorph (17/24)
 R - a wand of flame (29/48)
Scrolls
 e - 3 scrolls of recharging {unknown}
 f - 3 scrolls of enchant weapon {unknown}
 h - 4 scrolls of immolation
 j - 5 scrolls of teleportation {unknown}
 l - 12 scrolls of identify
 p - 2 scrolls of remove curse {unknown}
 q - 2 scrolls of blinking {unknown}
 r - 4 scrolls of magic mapping
 s - 2 scrolls of noise {unknown}
 z - 2 scrolls of summoning {unknown}
 C - a scroll of amnesia {unknown}
 D - a scroll of enchant armour
 G - a scroll of silence {unknown}
 H - a scroll of random uselessness {unknown}
 J - 2 scrolls of fog {unknown}
Potions
 d - 44 potions of blood
 g - 8 potions of curing
 i - 2 potions of agility {unknown}
 k - 2 potions of haste {unknown}
 m - 3 potions of degeneration {unknown}
 n - a potion of might {unknown}
 t - a potion of resistance {unknown}
 x - a potion of flight {unknown}
 A - a potion of brilliance {unknown}
 K - a potion of magic {unknown}
 O - a potion of cancellation {unknown}
 Q - a potion of mutation {unknown}
Books
 L - the Catalogue of Gliding Cold
   (You found it on level 8 of the Dungeon)

   Spells                             Type                      Level
   a - Shock                          Conjuration/Air              1
   b - Freeze                         Ice                          1
   c - Ensorcelled Hibernation        Hexes/Ice                    2
   d - Metabolic Englaciation         Hexes/Ice                    5
   e - Tornado                        Air                          9
Miscellaneous
 c - a plain deck of summoning {drawn: 7}
 u - a legendary deck of summoning
 B - an ornate deck of summoning
 E - an ornate deck of destruction {drawn: 5}
 M - a plain deck of escape
 S - an ornate deck of summoning
 U - a phantom mirror


   Skills:
 + Level 1.4 Fighting
 + Level 8.6 Short Blades
 - Level 11.2 Dodging
 + Level 14.2 Stealth
 - Level 6.0 Spellcasting
 - Level 6.4 Hexes
 - Level 3.0 Ice Magic
 + Level 4.1 Invocations


You had 16 spell levels left.
You knew the following spells:

 Your Spells              Type           Power        Failure   Level  Hunger
a - Corona                Hex            ####...      1%          1    None
b - Ensorcelled Hibernat  Hex/Ice        ####..       1%          2    None
c - Confuse               Hex            ####....     1%          3    ##.....


Dungeon Overview and Level Annotations

Branches:
Dungeon (9/15)             Temple (1/1) D:4            Lair (1/6) D:9
    Orc: D:9-12

Altars:
Ashenzari
Cheibriados
Dithmenos
Elyvilon
Fedhas
Gozag
Hepliaklqana
Kikubaaqudgha
Makhleb
Nemelex Xobeh
Okawaru
Qazlal
Ru
Sif Muna
Trog
Uskayaw
Vehumet
Xom
Yredelemnul
Zin
The Shining One

Shops:
D:4 [   D:5 ?   D:7 (*(=


Innate Abilities, Weirdness & Mutations

You have razor-sharp teeth.
You have supernaturally acute eyesight. (SInv)
((You can survive without breathing.))


Message History

The seven-headed hydra bites you!
* * * LOW HITPOINT WARNING * * *
The seven-headed hydra barely misses you.
Okay, then.
One of your 45 potions of blood rots away.
You turn into a vampire bat.
Your +2 rapier of venom melds into your body.
Your scarf of repulsion melds into your body.
Your +1 helmet melds into your body.
Your cursed -1 robe melds into your body.
Your +5 ring of dexterity melds into your body.
Your +2 rapier of venom stops dripping with poison.
The haze of the repulsion field disappears.
You feel clumsy. The seven-headed hydra bites you!
* * * LOW HITPOINT WARNING * * *
The seven-headed hydra completely misses you.
The seven-headed hydra bites you!
You die...
Your body glows with a rainbow of weird colours and disappears.

### #### ###.####..####
##............# ##
#..........b..# ###.##
##..#§#P.#§#D.## ......
#..#§§§≈§§§#..# ...P#
#..#≈§§§§§§≈.## ...###
#..#§≈§≈§≈≈#.###.....##
#..#§≈§≈≈≈≈#...........
#..#≈≈≈≈≈≈≈#...........
#...≈≈≈≈≈≈≈#..........$
#..≈≈≈§≈≈≈≈#...........


You could see a seven-headed hydra.

Vanquished Creatures
  A two-headed ogre (D:9)
  Pikel (D:7)
  A manticore (D:8)
  A molten gargoyle (Lair:1)
  A spiny frog (Lair:1)
  A komodo dragon (Lair:1)
  3 hippogriffs (D:9)
  8 yaks (Lair:1)
  A steam dragon (D:9)
  2 basilisks (D:9)
  3 sky beasts
  A phantom (D:7)
  2 ice beasts
  2 orc warriors (D:9)
  A black bear (D:6)
  4 necrophages
  8 ogres
  3 centaurs
  A crocodile (Lair:1)
  The ghost of appiemonkey the Digger, an amateur GrEE (D:3)
  7 bullfrogs
  2 big kobolds
  5 scorpions
  15 wights
  5 howler monkeys
  3 crimson imps
  3 lava snakes (Lair:1)
  A quasit (D:8)
  3 gnoll shamans (D:6)
  6 jellies
  2 orc priests (D:8)
  A bullfrog skeleton (D:5)
  8 hounds
  7 orc wizards
  Jessica (D:3)
  Terence (D:3)
  6 worker ants
  A killer bee zombie (D:5)
  A hound skeleton (D:4)
  A mummy (D:7)
  2 worker ant zombies
  Robin (D:2)
  34 gnolls
  8 adders
  A river rat (D:8)
  An ooze (D:4)
  3 adder skeletons
  3 adder zombies
  A worm (D:5)
  5 leopard geckos
  23 orcs
  2 giant cockroaches
  10 goblins
  16 hobgoblins
  3 iguanas
  12 jackals
  9 kobolds
  6 quokkas
  2 ball pythons (D:3)
  9 bats
  6 frilled lizards
  A jackal skeleton (D:4)
  A quokka skeleton (D:8)
  10 rats
294 creatures vanquished.

Vanquished Creatures (collateral kills)
  An elephant (D:9)
  Grinder (D:4)
  A hippogriff (D:9)
  4 yaks (Lair:1)
  A basilisk (Lair:1)
  An eye of draining (D:8)
  A black bear (D:6)
  2 centaurs (D:6)
  A scorpion (D:5)
  2 crimson imps
  A bullfrog zombie (D:6)
  A jelly (D:6)
  A quasit (D:7)
  A hound (D:6)
  An orc priest (D:7)
  An iron imp (D:5)
  4 orc wizards
  11 gnolls (D:6)
  2 adders
  2 shadow imps
  A leopard gecko (D:6)
  4 orcs
  10 jackals (D:6)
55 creatures vanquished.

Vanquished Creatures (others)
  A ball lightning (D:8)
  2 kobolds (D:8)
  A quokka skeleton (D:7)
4 creatures vanquished.

Grand Total: 353 creatures vanquished

Notes
Turn   | Place    | Note
-------+----------+-------------------------------------------
     0 | D:1      | dohliylev the Vampire Enchanter began the quest for the Orb.
     0 | D:1      | Reached XP level 1. HP: 13/13 MP: 3/3
   290 | D:1      | Reached XP level 2. HP: 16/19 MP: 5/5
   344 | D:1      | Reached skill level 5 in Stealth
   595 | D:1      | Learned a level 2 spell: Ensorcelled Hibernation
   946 | D:2      | Reached XP level 3. HP: 25/25 MP: 6/6
  1205 | D:2      | Reached skill level 6 in Stealth
  1282 | D:2      | Found a sparkling altar of Nemelex Xobeh.
  1285 | D:2      | Became a worshipper of Nemelex Xobeh the Trickster
  1346 | D:2      | Received a gift from Nemelex Xobeh
  1697 | D:3      | Noticed appiemonkey's ghost (amateur GrEE)
  1716 | D:3      | Learned a level 3 spell: Confuse
  1754 | D:3      | Noticed Jessica
  1872 | D:3      | Noticed Robin
  1906 | D:2      | Killed Robin
  1906 | D:2      | Reached XP level 4. HP: 22/31 MP: 0/7
  2199 | D:3      | Noticed Terence
  2301 | D:4      | Received a gift from Nemelex Xobeh
  2301 | D:4      | Noticed an ogre
  2309 | D:4      | Killed an ogre
  2309 | D:4      | Reached skill level 7 in Stealth
  2309 | D:4      | Reached XP level 5. HP: 30/36 MP: 8/8
  2314 | D:4      | Noticed Grinder
  2339 | D:4      | Killed Grinder
  2339 | D:4      | Reached skill level 9 in Stealth
  2339 | D:4      | Reached XP level 6. HP: 15/42 MP: 4/9
  2347 | D:4      | Found a staircase to the Ecumenical Temple.
  2373 | Temple   | Entered the Ecumenical Temple
  2483 | D:4      | Found an iron altar of Okawaru.
  2543 | D:4      | Reached * piety under Nemelex Xobeh
  2610 | D:4      | Found Zyath's Armour Shoppe.
  2652 | D:3      | Noticed an orc warrior
  2903 | D:5      | Entered Level 5 of the Dungeon
  3249 | D:5      | Found a basalt altar of Yredelemnul.
  3434 | D:5      | Reached skill level 1 in Ice Magic
  3439 | D:5      | Found Iwketwiv's Magic Scroll Shop.
  3444 | D:5      | Bought a scroll of identify for 26 gold pieces
  3473 | D:5      | Reached skill level 5 in Hexes
  3473 | D:5      | Reached XP level 7. HP: 33/47 MP: 8/11
  3660 | D:4      | Found a hazy altar of Hepliaklqana.
  3734 | D:4      | Bought a scarf of repulsion for 120 gold pieces
  3927 | D:3      | Killed Terence
  3937 | D:3      | Killed Jessica
  4135 | D:3      | Killed appiemonkey's ghost
  4228 | D:3      | Found a shimmering altar of Xom.
  4255 | D:4      | HP: 2/47 [poisoned by an orc warrior]
  4643 | D:4      | HP: 2/47 [poisoned by an orc]
  4648 | D:4      | HP: 2/47 [poisoned by an orc]
  5912 | D:5      | Found a bloodstained altar of Trog.
  5915 | D:5      | Found an ancient bone altar of Kikubaaqudgha.
  5972 | D:5      | Reached skill level 5 in Short Blades
  6102 | D:5      | Reached XP level 8. HP: 53/53 MP: 6/14
  6421 | D:5      | Found a snail-covered altar of Cheibriados.
  6422 | D:5      | Noticed an orange demon
  6752 | D:5      | Reached skill level 5 in Spellcasting
  6841 | D:6      | Reached ** piety under Nemelex Xobeh
  7175 | D:6      | Reached skill level 1 in Invocations
  7267 | D:6      | Received a gift from Nemelex Xobeh
  7271 | D:6      | Found a shadowy altar of Dithmenos.
  7291 | D:6      | Reached skill level 5 in Dodging
  7294 | D:6      | Reached skill level 10 in Stealth
  7294 | D:6      | Reached XP level 9. HP: 58/58 MP: 15/18
  8178 | D:6      | Reached skill level 11 in Stealth
  8198 | D:6      | Received a gift from Nemelex Xobeh
  8514 | D:7      | Reached *** piety under Nemelex Xobeh
  8590 | D:7      | Reached skill level 12 in Stealth
  8751 | D:7      | Found a white marble altar of Elyvilon.
  8763 | D:7      | Received a gift from Nemelex Xobeh
  8818 | D:7      | Found Ovvy's Jewellery Shoppe.
  8919 | D:7      | Found Voafutir's Antique Weapon Boutique.
  8928 | D:7      | Found Ojeiposk's General Store.
  8936 | D:7      | Bought a scroll of magic mapping for 52 gold pieces
  8936 | D:7      | Bought a scroll of identify for 30 gold pieces
  8936 | D:7      | Bought a scroll of enchant armour for 112 gold pieces
  9336 | D:7      | Found Pihochu's Antique Weapon Emporium.
  9375 | D:7      | Noticed Pikel
  9394 | D:7      | Killed Pikel
  9486 | D:7      | Received a gift from Nemelex Xobeh
  9667 | D:8      | Reached XP level 10. HP: 63/63 MP: 19/19
  9756 | D:8      | Reached **** piety under Nemelex Xobeh
 10120 | D:8      | Noticed a manticore
 10130 | D:8      | Killed a manticore
 10525 | D:8      | Found an opulent altar of Gozag.
 10569 | D:8      | Identified the Catalogue of Gliding Cold
 10587 | D:8      | Received a gift from Nemelex Xobeh
 11076 | D:9      | Noticed a two-headed ogre
 11083 | D:9      | Killed a two-headed ogre
 11087 | D:9      | Found a radiant altar of Vehumet.
 11113 | D:9      | Reached skill level 10 in Dodging
 11761 | D:9      | Found a staircase to the Lair.
 11761 | D:9      | Noticed an elephant
 11779 | D:9      | Killed an elephant
 11780 | D:9      | Reached XP level 11. HP: 43/68 MP: 13/20
 12508 | D:9      | Found a radiant altar of Vehumet.
 12982 | Lair:1   | Entered Level 1 of the Lair of Beasts
 12982 | Lair:1   | Received a gift from Nemelex Xobeh
 13027 | Lair:1   | Reached skill level 13 in Stealth
 13077 | Lair:1   | Reached skill level 1 in Fighting
 13194 | Lair:1   | Reached ***** piety under Nemelex Xobeh
 13285 | Lair:1   | Reached skill level 14 in Stealth
 13543 | Lair:1   | Noticed a seven-headed hydra
 13558 | Lair:1   | Slain by a seven-headed hydra

Skill      XL: |  1  2  3  4  5  6  7  8  9 10 11 |
---------------+----------------------------------+-----
Stealth        | 5 6 7 9 10 12 14 | 14.2
Short Blades   | 2 3 4 5 7 8 |  8.6
Ice Magic      | 1 2 3 |  3.0
Hexes          | 5 6 |  6.4
Spellcasting   | 4 6 |  6.0
Dodging        | 5 7 11 | 11.2
Invocations    | 1 3 4 |  4.1
Fighting       | 1 |  1.4

Action                   |  1- 3 |  4- 6 |  7- 9 | 10-12 || total
-------------------------+-------+-------+-------+-------++-------
Melee: Dagger            |   120 |   171 |   213 |    73 ||   577
       Bite              |     5 |    20 |    13 |    12 ||    50
       Rapier            |       |       |       |   151 ||   151
 Cast: Corona            |     6 |     4 |       |       ||    10
       Ensorcelled Hiber |    15 |    40 |   109 |    99 ||   263
       Confuse           |       |     5 |    37 |    27 ||    69
 Abil: Bat Form          |       |     2 |     2 |     1 ||     5
       End Transformatio |       |     2 |     2 |       ||     4
Evoke: Deck              |       |     2 |    10 |    14 ||    26
  Use: Potion            |       |     4 |     7 |     3 ||    14
       Scroll            |       |     1 |       |       ||     1
 Stab: Sleeping          |    22 |    24 |    80 |    81 ||   207
       Confused          |       |       |    19 |    13 ||    32
       Petrified         |       |       |       |     1 ||     1
  Eat: Corpse            |    11 |     4 |     7 |     7 ||    29
Armor: Robe              |    29 |    18 |    20 |     9 ||    76
Dodge: Dodged            |    87 |    92 |    98 |   157 ||   434
       Deflected         |       |       |     3 |     5 ||     8
